 Dungeon Crawl Stone Soup version 0.19-a0-13-gc67dc5e (console) character file.

283 Kenran the Twirler (level 6, -1/35 HPs)
             Began as a Gargoyle Gladiator on Apr 29, 2016.
             Slain by an orc warrior
             ... wielding a +0 war axe
              (7 damage)
             ... on level 3 of the Dungeon.
             The game lasted 00:20:05 (1976 turns).

Kenran the Twirler (Gargoyle Gladiator)             Turns: 1976, Time: 00:20:06

Health: -1/35      AC:  8    Str: 19    XL:     6   Next: 28%
Magic:  6/6        EV: 12    Int:  8    God:
Gold:   175        SH:  0    Dex: 12    Spells: 0 memorised, 5 levels left

rFire  . . .     SeeInvis .     a - +0 quarterstaff
rCold  . . .     Gourm    .     b - +0 leather armour
rNeg   + . .     Faith    .     (shield currently unavailable)
rPois  ∞         Spirit   .     c - +0 helmet
rElec  +         Dismiss  .     (no cloak)
rCorr  .         Reflect  .     (no gloves)
SustAt .         Harm     .     (no boots)
MR     .....                    (no amulet)
Stlth  +.........               (no ring)
                                (no ring)

@: not resistant to hostile enchantments, very unstealthy
A: negative energy resistance 1, electricity resistance, unbreathing,
petrification resistance, rot immunity, AC +4
a: no special abilities


You were on level 3 of the Dungeon.
You were not hungry.

You visited 1 branch of the dungeon, and saw 3 of its levels.

You collected 175 gold pieces.

Inventory:

Hand Weapons
 a - a +0 quarterstaff (weapon)
Missiles
 d - 3 throwing nets (quivered)
Armour
 b - a +0 leather armour (worn)
 c - a +0 helmet (worn)
Jewellery
 r - an uncursed amulet of harm {unknown}
Wands
 o - a wand of digging (18/24)
 v - a wand of acid (9/15)
Scrolls
 e - a scroll of enchant armour {unknown}
 l - 4 scrolls of random uselessness {unknown}
 m - 3 scrolls of identify {unknown}
 n - 4 scrolls of teleportation {unknown}
 s - 4 scrolls of remove curse {unknown}
 u - 2 scrolls of fog {unknown}
 w - a scroll of recharging {unknown}
Potions
 h - a potion of lignification {unknown}
 j - a potion of berserk rage {unknown}
 k - 2 potions of mutation {unknown}
 p - a potion of degeneration {unknown}
 t - a potion of might {unknown}
Comestibles
 f - 5 bread rations
 g - 2 fruits
 i - a royal jelly
 q - a meat ration


   Skills:
 - Level 2.1 Fighting
 + Level 6.8 Staves
 - Level 1.7 Throwing
 - Level 2.4 Dodging


You had 5 spell levels left.
You didn't know any spells.

Dungeon Overview and Level Annotations

Branches:
Dungeon (3/15)

Altars:
Ashenzari
Dithmenos
Elyvilon
Makhleb
Yredelemnul


Innate Abilities, Weirdness & Mutations

You are resistant to torment.
Your stone body is resilient (AC +4).
You are immune to poison.
You resist negative energy.
You are resistant to electric shocks.
You can survive without breathing.
You are immune to petrification.
You are immune to rotting.


Message History

You barely miss the orc priest.
The orc priest is heavily wounded.
The adder bites you but does no damage. The orc priest closely misses you.
The orc warrior hits you with a war axe.
The adder bites you.
You sock the orc priest!
You kill the orc priest!
The adder closely misses you. The orc warrior completely misses you.
The orc priest invokes the aid of Beogh against you.
Beogh smites you!
* * * LOW HITPOINT WARNING * * *
You hit the adder.
The adder is lightly wounded.
The adder barely misses you.
You can't go up here!
You closely miss the adder.
The adder is lightly wounded.
The adder bites you but does no damage.
The orc warrior hits you with a war axe!
You die...

#.#.......##
#.#.#####..# # #)#
##.## .. #.# #..# ...
#.# ##.## .... #.# #..#
.....##.###.######'####
....goo)......####.####
......#@#####.###...###
......#S...# ##.....###
##### #.##.# +.....))'.
#.# # ##.....##† #%#
###...###. #.#
####.####. #>.
####+####. #(....
....... #.##.# #######


You could see an orc warrior, an adder, an orc and a goblin.

Vanquished Creatures
  The ghost of Shelf the Slasher, an amateur VSGl (D:3)
  An orc priest (D:3)
  An orc wizard (D:3)
  5 adders
  2 dart slugs (D:2)
  4 giant geckos
  4 orcs (D:3)
  6 bats
  4 giant cockroaches
  7 goblins
  7 hobgoblins
  6 jackals (D:1)
  3 giant newts
  7 kobolds
  7 rats
65 creatures vanquished.

Notes
Turn   | Place    | Note
--------------------------------------------------------------
     0 | D:1      | Kenran the Gargoyle Gladiator began the quest for the Orb.
     0 | D:1      | Reached XP level 1. HP: 12/12 MP: 1/1
   133 | D:1      | Reached XP level 2. HP: 17/17 MP: 2/2
   514 | D:1      | Reached skill level 4 in Staves
   536 | D:1      | Reached XP level 3. HP: 17/21 MP: 3/3
   844 | D:2      | Reached XP level 4. HP: 26/26 MP: 4/4
   978 | D:2      | Reached skill level 5 in Staves
  1515 | D:3      | Found a shattered altar of Ashenzari.
  1525 | D:3      | Found a white marble altar of Elyvilon.
  1526 | D:3      | Found a shadowy altar of Dithmenos.
  1533 | D:3      | Found a basalt altar of Yredelemnul.
  1538 | D:3      | Found a burning altar of Makhleb.
  1600 | D:3      | Reached XP level 5. HP: 30/30 MP: 5/5
  1735 | D:3      | Noticed Shelf's ghost (amateur VSGl)
  1744 | D:3      | Killed Shelf's ghost
  1744 | D:3      | Reached skill level 6 in Staves
  1744 | D:3      | Reached XP level 6. HP: 24/35 MP: 6/6
  1966 | D:3      | Noticed an orc warrior
  1976 | D:3      | Slain by an orc warrior

Vault maps used:
D:1:      dpeg_arrival_boxorama
D:3:      minitemple, first_bread, kennysheep_generic_room_8

Skill      XL: |  1  2  3  4  5 |
---------------+----------------+-----
Staves         | 4 5 6 |  6.8
Fighting       | |  2.1
Throwing       | |  1.7
Dodging        | |  2.4

Action                   |  1- 3 |  4- 6 || total
-------------------------+-------+-------++-------
Melee: Quarterstaff      |    89 |    94 ||   183
  Eat: Chunk             |       |     4 ||     4
Armor: Leather armour    |    39 |    39 ||    78
Dodge: Dodged            |    72 |    57 ||   129
